 Dungeon Crawl Stone Soup version 0.27-a0-1228-gfd60fd639a (webtiles) character file.

Game seed: 5790849989620203248

884 robertstho the Magician (level 8, -24/55 HPs)
             Began as a Djinni Fire Elementalist on June 7, 2021.
             Blown up by Pikel (30 damage)
             ... with a mindburst bolt
             ... on level 5 of the Dungeon.
             The game lasted 00:08:35 (7130 turns).

robertstho the Magician (Djinni Fire Elementalist)  Turns: 7130, Time: 00:08:36

Health: -24/55     AC:  6    Str:  7    XL:     8   Next: 26%
Gold:   210        EV: 16    Int: 18    God:
                   SH:  0    Dex: 15

rFire    + + .     SeeInvis .   c - +3 dagger
rCold    x . .     Faith    .   (no shield)
rNeg     . . .     Spirit   .   a - +0 robe
rPois    ∞         Reflect  .   o - +0 helmet
rElec    .         Harm     .   q - +2 cloak {rCorr}
rCorr    +         Rampage  .   (no gloves)
Will     .....                  (boots unavailable)
Stlth    ++........             (no amulet)
HPRegen  0.18/turn              d - +4 ring of evasion
MPRegen  0.00/turn              (no ring)

@: flying
A: sickness immunity, fire resistance 2, cold vulnerability 1, float, innate
caster, hp casting, extra vitality 1
a: no special abilities


You were on level 5 of the Dungeon.
You visited 1 branch of the dungeon, and saw 5 of its levels.

You collected 249 gold pieces.
You spent 39 gold pieces at shops.

Inventory:

Hand Weapons
 b - a +1 dagger of holy wrath
 c - a +3 dagger (weapon)
Missiles
 k - a throwing net
Armour
 a - a +0 robe (worn)
 o - a +0 helmet (worn)
 q - a +2 cloak of preservation (worn)
Jewellery
 d - a +4 ring of evasion (left hand)
Wands
 u - a wand of iceblast (5)
Scrolls
 e - a scroll of blinking
 f - a scroll of magic mapping
 g - a scroll of acquirement {unknown}
 i - a scroll of noise
 m - a scroll of fear
 r - a scroll of holy word {unknown}
 t - a scroll of enchant weapon {unknown}
 v - 2 scrolls of enchant armour {unknown}
 w - 2 scrolls of vulnerability {unknown}
 x - a scroll of silence
 y - 2 scrolls of identify
Potions
 h - 3 potions of mutation
 l - a potion of berserk rage {unknown}
 n - a potion of flight {unknown}
 p - a potion of might {unknown}
 s - a potion of curing {unknown}


   Skills:
 * Level 2.8 Fighting
 + Level 2.6 Dodging
 + Level 2.2 Stealth
 * Level 6.5 Spellcasting


You couldn't memorise any spells.
You knew the following spells:

 Your Spells              Type           Power      Damage    Failure   Level
a - Foxfire               Conj/Fire      100%       2x1d9     1%          1
b - Conjure Flame         Conj/Fire      29%        6-21      2%          3
c - Inner Flame           Hex/Fire       29%        N/A       2%          3
d - Sticky Flame          Conj/Fire      29%        2d5       8%          4
e - Fireball              Conj/Fire      14%        3d8       22%         5
f - Sting                 Tmut/Pois      100%       1d8       1%          1
g - Passwall              Tmut/Erth      24%        N/A       1%          2
h - Mephitic Cloud        Conj/Pois/Air  29%        N/A       2%          3
Your spell library was empty.

Dungeon Overview and Level Annotations

Branches:
Dungeon (5/15)
 Temple: D:4-7

Altars:

Shops:
D:2 ?   D:4 *

Annotations:
D:5 Pikel


Innate Abilities, Weirdness & Mutations

You are immune to sickness and miasma.
You are immune to poison.
Your flesh is very heat resistant. (rF++)
You are vulnerable to cold. (rC-)
You float through the air rather than walking.
You learn spells naturally, not from books.
Your magical power is your life essence.
You have superior vitality. (+4 HP)


Message History

The foxfire hits Pikel but does no damage.
Unknown command.
Casting: Foxfire (safe; 1% risk of failure)
Confirm with . or Enter, or press ? or * to list all spells.
Aiming: Sticky Flame (dangerous; 8% risk of failure)
Press: ? - help, Shift-Dir - straight line, f - Pikel
Aim: Pikel, wielding a +0 whip of flaming, wearing a +0 robe and carrying a wand of mindburst (5) (ally target, 100% to hit)
The sticky flame hits Pikel.
Pikel is lightly wounded.
Pikel is covered in liquid flames!
Pikel burns!
The foxfire hits Pikel but does no damage.
Pikel is lightly wounded.
The foxfire hits Pikel but does no damage.
Pikel is lightly wounded.
Pikel burns!
Your foxfire dissipates!
The kobold demonologist casts a spell.
Pikel hits you with a +0 whip of flaming.
Pikel burns!
Pikel burns!
Pikel stops burning.
Pikel zaps a wand.
Your mind is blasted!
* * * LOW HITPOINT WARNING * * *
The kobold demonologist casts a spell.
Unknown command.
Casting: Sticky Flame (dangerous; 8% risk of failure)
Confirm with . or Enter, or press ? or * to list all spells.
The spell is quite dangerous to cast (22% risk of failure)!
Continue anyway?
Aiming: Fireball (quite dangerous; 22% risk of failure)
Press: ? - help, Shift-Dir - straight line, f/p - Pikel
Aim: Pikel, wielding a +0 whip of flaming, wearing a +0 robe and carrying a wand of mindburst (4) (moderately wounded)
The fireball explodes!
The fireball engulfs Pikel!
Pikel is heavily wounded.
The fireball engulfs the white imp!
The white imp is burned terribly!
You kill the white imp!
* * * LOW HITPOINT WARNING * * *
Okay, then.
The orange demon disappears in a puff of smoke!
Pikel zaps a wand.
Your mind is blasted!
Ouch! That really hurt!
You die...

.#..##K#4# #....##.#......#.#..
.#..##.#K# #...................
4#..##.#.#####.§..##.###.##.#.#.#
5........#5.4K.K.................
##.##......K[..#K..#.###.##.#.#.#
...............#.#.#.##.[.....#.#
...............#.#.#.##..##.###.#
.###...........#.#...##..##.###+#
.###...........#@##..##..##.#....
.......###'#####.##..##..##.#....
#####..# #.#.........##..##.#....
# #..# #.########.###..##.#.... #
#..# #....................... #
#..#############.##..#######.
#####..#........# #..#..######..
.......#.######.# ##............
......##.#......# #............


You could see a kobold demonologist and Pikel.

Vanquished Creatures
  A black bear (D:5)
  A necrophage (D:5)
  4 lemures (D:5)
  3 scorpions
  A jelly (D:5)
  Crazy Yiuf (D:2)
  4 hounds
  Jessica (D:2)
  Natasha (twice) (D:2)
  An orc wizard (D:4)
  An iguana (D:5)
  A hound zombie (D:5)
  A hound skeleton (D:4)
  Robin (D:2)
  3 gnolls (D:2)
  4 adders
  An adder skeleton (D:5)
  A worm (D:4)
  2 dart slugs (D:2)
  9 orcs
  4 bats
  9 giant cockroaches
  16 goblins
  12 hobgoblins
  4 jackals (D:2)
  4 quokkas
  7 ball pythons
  3 frilled lizards
  8 kobolds
  7 rats
117 creatures vanquished.

Vanquished Creatures (others)
  500 foxfires
500 creatures vanquished.

Grand Total: 617 creatures vanquished

Notes
Turn   | Place    | Note
-------+----------+-------------------------------------------
     0 | D:1      | robertstho the Djinni Fire Elementalist began the quest for
                  | the Orb.
     0 | D:1      | Reached XP level 1. HP: 15/15 MP: 0/0
   396 | D:1      | Reached XP level 2. HP: 16/21 MP: 0/0
  1176 | D:1      | Reached skill level 3 in Spellcasting
  1237 | D:1      | Reached XP level 3. HP: 25/26 MP: 0/0
  1237 | D:1      | Learned a level 1 spell: Sting
  1661 | D:2      | Found Buasm's Magic Scroll Shop.
  1666 | D:2      | Bought a scroll of identify for 26 gold pieces
  1666 | D:2      | Bought a scroll of noise for 13 gold pieces
  1772 | D:2      | Reached XP level 4. HP: 16/31 MP: 0/0
  2132 | D:2      | Noticed Robin
  2140 | D:2      | Reached skill level 1 in Fighting
  2664 | D:2      | Noticed Jessica
  2667 | D:2      | Killed Jessica
  2668 | D:2      | Reached XP level 5. HP: 34/37 MP: 0/0
  2668 | D:2      | Learned a level 2 spell: Passwall
  2780 | D:2      | Killed Robin
  2781 | D:2      | Reached skill level 4 in Spellcasting
  3254 | D:2      | Noticed Natasha
  3262 | D:2      | Killed Natasha
  3464 | D:2      | Found a runed translucent door.
  3465 | D:2      | Noticed Crazy Yiuf
  3555 | D:2      | Killed Crazy Yiuf
  3556 | D:2      | Reached XP level 6. HP: 26/42 MP: 0/0
  3690 | D:2      | Noticed Natasha
  3694 | D:2      | Killed Natasha
  4229 | D:3      | Found a faded altar of an unknown god.
  4854 | D:4      | Identified the Collected Works on the Twisted Entourage
  4915 | D:4      | Reached skill level 5 in Spellcasting
  5105 | D:4      | Reached XP level 7. HP: 42/48 MP: 0/0
  5105 | D:4      | Learned a level 3 spell: Mephitic Cloud
  5172 | D:4      | Found Utsyp's Mass Market.
  5677 | D:5      | Entered Level 5 of the Dungeon
  6301 | D:5      | Reached skill level 6 in Spellcasting
  6301 | D:5      | Reached XP level 8. HP: 51/55 MP: 0/0
  7064 | D:5      | Noticed a kobold demonologist
  7067 | D:5      | Noticed an ice devil
  7074 | D:5      | Noticed a soul eater
  7080 | D:5      | Noticed a hellwing
  7105 | D:5      | Noticed Pikel
  7112 | D:5      | Noticed an orange demon
  7130 | D:5      | Blown up by Pikel

Illustrated notes

Levels and vault maps discovered:
D:1:      minmay_arrival_hallway, layout_basic, minmay_pentomino_q4
D:2:      layout_basic, serial_shops, shop, hangedman_decor_riveting,
          uniq_jessica, uniq_crazy_yiuf_cottage, uniq_natasha, uniq_robin
D:3:      layout_basic, basic_ecumenical_altar
D:4:      layout_loops_cross, minmay_shop_mass
D:5:      layout_basic, minivault_23, uniq_pikel

Skill      XL: |  1  2  3  4  5  6  7 |
---------------+----------------------+-----
Spellcasting   | 3 4 5 6 |  6.5
Fighting       | 1 2 |  2.8
Stealth        | 2 |  2.2
Dodging        | |  2.6

Action                   |  1- 3 |  4- 6 |  7- 9 || total
-------------------------+-------+-------+-------++-------
Melee: Dagger            |     1 |       |    12 ||    13
 Cast: Foxfire           |    62 |   169 |    84 ||   315
       Sticky Flame      |       |     1 |    10 ||    11
       Inner Flame       |       |     1 |       ||     1
       Fireball          |       |       |     1 ||     1
  Use: Scroll            |       |     4 |     1 ||     5
       Potion            |       |       |     2 ||     2
Armor: Robe              |     3 |     3 |    10 ||    16
Dodge: Dodged            |    13 |    10 |    34 ||    57

Table legend: (Time is in decaauts)
 A = Elapsed time spent in this place.
 B = Non-inter-level travel time spent in this place.
 C = Inter-level travel time spent in this place.
 D = Time resting spent in this place.
 E = Time spent auto-exploring this place.
 F = Levels seen in this place.
 G = Mean time per level.
                   A        B        C        D        E       F      G
               +--------+--------+--------+--------+--------+-----+--------+
         Total |   7128 |   6933 |    195 |    214 |   5892 |   5 | 1425.6 |
       Dungeon |   7128 |   6933 |    195 |    214 |   5892 |   5 | 1425.6 |
               +--------+--------+--------+--------+--------+-----+--------+

Top non-repeatable levels by time:
     D:2: 1886 daAuts
     D:1: 1861 daAuts
     D:5: 1452 daAuts
     D:4: 1113 daAuts
     D:3: 815 daAuts
